 Dungeon Crawl Stone Soup version 0.18.1-5-g4a78601 (webtiles) character file.

32 Wooh the Sneak (level 3, -1/21 HPs)
             Began as a Kobold Assassin on May 9, 2016.
             Slain by Sigmund
             ... wielding a +0 scythe
              (5 damage)
             ... on level 2 of the Dungeon.
             The game lasted 00:04:13 (927 turns).

Wooh the Sneak (Kobold Assassin)                     Turns: 927, Time: 00:04:14

Health: -1/21      AC:  5    Str:  9    XL:     3   Next: 45%
Magic:  3/3        EV: 14    Int:  9    God:
Gold:   101        SH:  0    Dex: 18    Spells: 0 memorised, 2 levels left

rFire  . . .     SeeInvis .     a - +2 dagger
rCold  . . .     Gourm    .     c - +0 robe
rNeg   . . .     Faith    .     (shield restricted)
rPois  .         Spirit   .     k - +0 helmet
rElec  .         Dismiss  .     d - +0 cloak
rCorr  .         Reflect  .     (no gloves)
SustAt .         Harm     .     u - +0 pair of boots
MR     .....                    (no amulet)
Stlth  +++.......               (no ring)
                                (no ring)

@: not resistant to hostile enchantments, fairly stealthy
A: carnivore 3
a: no special abilities


You were on level 2 of the Dungeon.
You were completely stuffed.

You visited 1 branch of the dungeon, and saw 2 of its levels.

You collected 101 gold pieces.

Inventory:

Hand Weapons
 a - a +2 dagger (weapon)
 b - a +0 blowgun
Missiles
 e - 21 poisoned needles
 f - 2 curare-tipped needles
 j - 2 needles of frenzy
 m - 4 needles of sleeping
Armour
 c - a +0 robe (worn)
 d - a +0 cloak (worn)
 k - a +0 helmet (worn)
 u - a +0 pair of boots (worn)
Scrolls
 h - 3 scrolls of remove curse {unknown}
 o - a scroll of teleportation {unknown}
 q - a scroll of amnesia {unknown}
 r - a scroll of enchant armour {unknown}
Potions
 i - 2 potions of curing {unknown}
 l - a potion of berserk rage {unknown}
 n - a potion of heal wounds {unknown}
 p - a potion of flight {unknown}
 t - a potion of beneficial mutation {unknown}
Comestibles
 g - a meat ration
 s - 5 chunks of flesh


   Skills:
 - Level 2.1 Fighting
 - Level 2.6 Short Blades
 + Level 4.0 Throwing
 - Level 1.2 Dodging
 - Level 5.3 Stealth


You had 2 spell levels left.
You didn't know any spells.

Dungeon Overview and Level Annotations

Branches:
Dungeon (2/15)

Altars:

Annotations:
D:2 Sigmund


Innate Abilities, Weirdness & Mutations

You are small and have problems with some larger weapons.
You are carnivorous and can eat meat at any time.


Message History

Sigmund looks more healthy.
a - a +2 dagger (weapon)
Sigmund hits you with a scythe.
Sigmund refuses to make way for you. (Use ctrl+direction to attack.) Sigmund refuses to make way for you. (Use ctrl+direction to attack.) Sigmund refuses to make way for you. (Use ctrl+direction to attack.) Unknown command.
Sigmund refuses to make way for you. (Use ctrl+direction to attack.) Sigmund shouts!
Sigmund refuses to make way for you. (Use ctrl+direction to attack.)
You hit Sigmund.
Sigmund is moderately wounded.
Sigmund hits you with a scythe!
Ouch! That really hurt!
* * * LOW HITPOINT WARNING * * *
Sigmund misses you.
Sigmund shouts!
Sigmund closely misses you. Sigmund hits you with a scythe.
You die...

..........(..######
#######.##......# ...
##.#######.# .. # ##..# #.# .. #
#.)###### #.# ##. .. #
####.##....# #.####....# #
##..((##....# #...##.##.#
###..#####....#####.##.##.# #####
....## #......@@...#รท##.###....
..### ##..#######.#.##[##.....
..#########.## ##..>.##.#......
#...........# ##........#......
#.......<.>.#####..#.####........
##...........<....##.####.#......
#...............................
#..........##########....#......
#..........# #...........


You could see the neutral Sigmund (insane).

Vanquished Creatures
  A worm (D:2)
  2 dart slugs (D:1)
  A giant gecko (D:1)
  A bat (D:2)
  A giant cockroach (D:2)
  6 goblins
  4 hobgoblins
  2 kobolds (D:1)
  2 giant newts
  A rat (D:1)
21 creatures vanquished.

Notes
Turn   | Place    | Note
--------------------------------------------------------------
     0 | D:1      | Wooh the Kobold Assassin began the quest for the Orb.
     0 | D:1      | Reached XP level 1. HP: 12/12 MP: 1/1
    93 | D:1      | Reached XP level 2. HP: 17/17 MP: 2/2
   450 | D:1      | Reached XP level 3. HP: 18/21 MP: 3/3
   881 | D:2      | Noticed Sigmund
   927 | D:2      | Slain by Sigmund

Skill      XL: |  1  2  3 |
---------------+----------+-----
Throwing       | 3 4 |  4.0
Fighting       | |  2.1
Short Blades   | |  2.6
Dodging        | |  1.2
Stealth        | |  5.3

Action                   || total
-------------------------++-------
Melee: Dagger            ||    54
 Fire: Blowgun           ||     9
 Stab: Sleeping          ||     5
  Eat: Chunk             ||     8
Armor: Robe              ||     6
Dodge: Dodged            ||    27
